 Dungeon Crawl Stone Soup version 0.28.0-53-g5a82cb258f (webtiles) character file.

Game seed: 7763532145536869530

33779 MalleusM the Executioner (level 13, -5/128 HPs)
             Began as a Minotaur Fighter on June 20, 2022.
             Was a High Priest of Trog.
             Slain by a cane toad (19 damage)
             ... on level 4 of the Lair of Beasts.
             The game lasted 00:50:37 (18795 turns).

MalleusM the Executioner (Minotaur Fighter)        Turns: 18795, Time: 00:50:38

Health: -5/128     AC: 15    Str: 25 (27) XL:     13   Next: 38%
Magic:  12/12      EV: 10    Int:  7 (8)  God:    Trog [*****.]
Gold:   1033       SH:  0    Dex:  6      Spells: 12/12 levels left

rFire   + . .      SeeInvis .   s - +6 battleaxe (venom)
rCold   . . .      Faith    +   (shield currently unavailable)
rNeg    . . .      Spirit   .   m - +5 ring mail {rF+}
rPois   .          Reflect  .   (helmet restricted)
rElec   +          Harm     .   u - +2 cloak
rCorr   +          Rampage  .   (no gloves)
Will    ++...                   (no boots)
Stlth   ..........              j - amulet of faith
HPRegen 1.31/turn               t - ring "Xeleaga" {rElec rCorr Int+3 Dex-3 Slay+4}
MPRegen 0.13/turn               (no ring)

@: strong-willed, regenerating
A: horns 2, retaliatory headbutt
a: Renounce Religion, Berserk, Trog's Hand, Brothers in Arms


You were on level 4 of the Lair of Beasts.
You worshipped Trog.
Trog was extremely pleased with you.
You visited 3 branches of the dungeon, and saw 16 of its levels.
You also visited: Ossuary.

You collected 2386 gold pieces.
You spent 1353 gold pieces at shops.

Inventory:

Hand Weapons
 a - a +0 war axe
 n - a +5 vorpal battleaxe
 s - a +6 battleaxe of venom (weapon)
 R - a +5 scimitar of holy wrath
 T - a +3 antimagic broad axe
Missiles
 I - a throwing net (quivered)
Armour
 b - a +0 scale mail
 c - a +1 buckler
 m - a +5 ring mail of fire resistance (worn)
 u - a +2 cloak (worn)
 S - a +4 scale mail of willpower
Jewellery
 j - an amulet of faith (around neck)
 t - the ring "Xeleaga" (left hand) {rElec rCorr Int+3 Dex-3 Slay+4}
   (You acquired it on level 5 of the Dungeon)

   [ring of slaying]

   Int:       It affects your intelligence (+3).
   Dex:       It affects your dexterity (-3).
   Slay:      It affects your accuracy & damage with ranged weapons and melee
   (+4).
   rElec:     It insulates you from electricity.
   rCorr:     It protects you from acid and corrosion.
 E - a ring of magical power
 K - an amulet of guardian spirit
 Q - a +6 ring of intelligence
Wands
 i - a wand of flame (35)
 r - a wand of mindburst (11)
 G - a wand of paralysis (8)
 H - a wand of charming (8)
 J - a wand of polymorph (11)
 P - a wand of iceblast (8)
Scrolls
 o - 2 scrolls of noise
 p - a scroll of summoning {unknown}
 q - 2 scrolls of teleportation {unknown}
 w - a scroll of magic mapping
 x - 2 scrolls of fear {unknown}
 y - 3 scrolls of fog
 B - a scroll of torment {unknown}
 F - a scroll of amnesia
 O - a scroll of vulnerability {unknown}
Potions
 d - 3 potions of might
 f - 3 potions of magic
 g - a potion of haste
 h - 3 potions of flight
 k - 2 potions of brilliance
 l - a potion of ambrosia
 v - 2 potions of degeneration
 z - 3 potions of cancellation {unknown}
 A - 2 potions of curing
 C - a potion of lignification {unknown}
 D - 2 potions of mutation {unknown}
 L - a potion of resistance {unknown}
Miscellaneous
 M - a condenser vane


   Skills:
 + Level 15.9 Fighting
 + Level 21.0 Axes
 * Level 7.9 Armour
 - Level 3.6 Shields


You had 12 spell levels left.
You didn't know any spells.
Your spell library contained the following spells:

 Spells                   Type           Power      Damage    Failure   Level
 Corpse Rot               Necr/Air       0%         N/A       69%         2
 Poisonous Vapours        Pois/Air       0%         N/A       69%         2
 Scorch                   Fire           0%         2d5       69%         2
 Flame Wave               Conj/Fire      0%         2d4       100%        4
 Summon Lightning Spire   Summ/Air       0%         N/A       100%        4
 Summon Cactus Giant      Summ           0%         N/A       100%        6
 Storm Form               Tmut/Air       0%         N/A       100%        7
 Maxwell's Capacitive Co  Air            0%         ∞         100%        8


Dungeon Overview and Level Annotations

Branches:
Dungeon (11/15)            Temple (1/1) D:5            Lair (4/6) D:9
 Shoals (0/4) Lair:4          Orc (0/2) D:9         Ossuary (visited)
  Snake: Lair:2-4    Spider: Lair:2-4

Altars:
Ashenzari
Cheibriados
Dithmenos
Elyvilon
Fedhas
Gozag
Hepliaklqana
Kikubaaqudgha
Makhleb
Nemelex Xobeh
Okawaru
Qazlal
Ru
Sif Muna
Trog
Uskayaw
Vehumet
Wu Jian
Xom
Yredelemnul
Zin
The Shining One

Shops:
D:1 (   D:4 *

Portals:
Trove: D:11 (give 2 scrolls of acquirement)

Annotations:
D:2 1 runed translucent door, Crazy Yiuf
D:9 exclusion: ice statue
Lair:3 2 transporters, NiggerDarts's ghost, journeyman HuFi
Lair:4 3 runed translucent doors, Murgh's ghost, journeyman MiBe; Nessos


Innate Abilities, Weirdness & Mutations

You have a pair of horns on your head.
You reflexively headbutt those who attack you in melee.


Message History

* * * LOW HITPOINT WARNING * * *
The arrow burns you.
You are more poisoned.
* * * LOW HITPOINT WARNING * * *
Blink to where?
Press: ? - help, Dir - move target
As you read the scroll of blinking, it crumbles to dust.
* * * LOW HITPOINT WARNING * * *
You feel extremely sick.
As you read the scroll of fog, it crumbles to dust.
The scroll dissolves into smoke.
* * * LOW HITPOINT WARNING * * *
You feel extremely sick.
You feel better.
Your ogre barely misses the boulder beetle.
The boulder beetle hits your ogre!!
The boulder beetle stops rolling and uncurls.
Okay, then.
Your skin crawls.
You feel strong-willed.
Nessos unwields a +3 longbow of flaming.
It stops flaming.
Nessos hits you.
* * * LOW HITPOINT WARNING * * *
Nessos kicks you but does no damage.
Your ogre hits Nessos with a +0 giant club!
Nessos says, "Study your classics!" Nessos hits you but does no damage.
Nessos kicks you but does no damage.
You barely miss Nessos.
Nessos is lightly wounded.
Nessos casts a spell.
Nessos blinks!
Nessos wields a +3 longbow of flaming.
It bursts into flame!
Nessos shoots an arrow.
The arrow closely misses you.
Nessos shoots an arrow.
The arrow hits your ogre! The arrow burns your ogre.
The boulder beetle leaps!
Nessos shoots an arrow.
The arrow hits you but does no damage. The cane toad stings you!!
* * * LOW HITPOINT WARNING * * *
You feel better.
Your ogre barely misses the cane toad.
The cane toad stings you!!
You die...

#.#..........##.........#♣
##..#....<...............#♣
#....F†.....≈≈≈°≈........#P
#...........≈≈≈≈c≈≈.......#.
#P..........≈≈≈≈≈≈≈≈.....##.
##...§.##§§§§≈≈≈≈≈≈≈≈....##.
#......##§§O§§≈≈≈≈≈≈≈..####.
##.....##.#F§§..≈≈≈≈≈.#. #.
##...#####@§§.>.≈≈≈.#### #.
#..c #§§§§.§....## #.
##§§#§§.....## #P
#####..#....### #♣
#########..##.....## ♣
....#....#######....#
............#.###.#.....
.................#......
#....P..............#..


You could see a cane toad (ally target) and a friendly ogre (summoned, berserk).

Vanquished Creatures
  2 hydras
  A two-headed ogre (D:8)
  Urug (Lair:4)
  2 lindwurms (Lair:4)
  Pikel (D:8)
  A phantasmal warrior (D:10)
  6 elephants (Lair:2)
  4 black mambas
  Maurice (D:11)
  9 cane toads
  An unseen horror (D:11)
  A kobold demonologist (D:9)
  8 komodo dragons
  2 rime drakes (Lair:3)
  2 polar bears
  A hornet (D:9)
  9 blink frogs
  2 jumping spiders (Lair:4)
  A vampire (D:10)
  43 yaks
  A wraith (D:5)
  5 wyverns
  A basilisk (Lair:3)
  A steam dragon (D:8)
  2 redbacks (Lair:4)
  14 water moccasins
  3 orc warriors
  A sky beast (D:7)
  5 black bears
  A hornet zombie (Ossuary)
  An ice beast (D:8)
  3 ogres
  10 wolves
  6 centaurs
  3 phantoms
  A kobold brigand (D:9)
  3 lemures (D:8)
  15 bullfrogs
  3 wyvern zombies
  3 gnoll sergeants
  A cane toad simulacrum (Lair:3)
  2 scorpions
  2 water moccasin zombies (Ossuary)
  An elephant simulacrum (Lair:3)
  5 wights (D:6)
  7 howler monkeys
  2 electric eels (Lair:1)
  A bullfrog zombie (Ossuary)
  8 centaur zombies
  6 orc priests
  A jelly (D:6)
  A gnoll shaman (D:10)
  2 hounds
  A centaur skeleton (D:6)
  4 iguanas
  Ijyb (D:3)
  Natasha (thrice) (D:3)
  5 orc wizards
  5 hell rats (Lair:3)
  A polar bear simulacrum (Lair:3)
  3 killer bee zombies (Ossuary)
  3 howler monkey zombies
  11 mummies (Ossuary)
  2 howler monkey skeletons
  11 adders
  18 gnolls
  2 ufetubi
  2 adder skeletons (D:4)
  A worm (D:3)
  2 dart slugs
  46 orcs
  4 bats
  2 endoplasms (D:3)
  4 giant cockroaches
  4 goblins
  7 hobgoblins
  7 quokkas
  5 ball pythons
  5 frilled lizards
  14 kobolds
  A quokka skeleton (D:4)
  3 rats
  A butterfly (Lair:1)
397 creatures vanquished.

Vanquished Creatures (collateral kills)
  A catoblepas (Lair:2)
  A komodo dragon (Lair:4)
  A yak (Lair:4)
  A water moccasin (Lair:4)
  A black bear (Lair:2)
5 creatures vanquished.

Vanquished Creatures (others)
  21 fungi
  46 plants
  7 withered plants (Ossuary)
74 creatures vanquished.

Grand Total: 476 creatures vanquished

Notes
Turn   | Place    | Note
-------+----------+-------------------------------------------
     0 | D:1      | MalleusM the Minotaur Fighter began the quest for the Orb.
     0 | D:1      | Reached XP level 1. HP: 19/19 MP: 0/0
   221 | D:1      | Reached skill level 3 in Axes
   244 | D:1      | Reached XP level 2. HP: 27/27 MP: 1/1
   494 | D:1      | Found Ximuj's Weapon Boutique.
   752 | D:2      | Found an opulent altar of Gozag.
   815 | D:2      | Reached XP level 3. HP: 33/33 MP: 2/2
   894 | D:2      | Reached skill level 4 in Axes
   967 | D:2      | Found a faded altar of an unknown god.
  1192 | D:2      | Found a runed translucent door.
  1193 | D:2      | Noticed Crazy Yiuf
  1245 | D:2      | Noticed a scorpion
  1263 | D:2      | Killed a scorpion
  1264 | D:2      | Reached skill level 5 in Axes
  1264 | D:2      | Reached XP level 4. HP: 14/41 MP: 3/3
  2329 | D:2      | Identified a scroll of acquirement
  2329 | D:2      | Acquired 1288 gold pieces
  2370 | D:3      | Noticed Natasha
  2376 | D:3      | Killed Natasha
  2377 | D:3      | Reached XP level 5. HP: 42/47 MP: 4/4
  2414 | D:3      | Reached skill level 5 in Fighting
  2431 | D:3      | Noticed Natasha
  2439 | D:3      | Killed Natasha
  2624 | D:3      | Noticed Ijyb
  2636 | D:3      | Killed Ijyb
  2637 | D:3      | Reached skill level 6 in Axes
  2998 | D:3      | Noticed Natasha
  3003 | D:3      | Killed Natasha
  3100 | D:3      | Reached XP level 6. HP: 56/56 MP: 5/5
  3256 | D:4      | Found an ancient bone altar of Kikubaaqudgha.
  3345 | D:4      | Reached skill level 7 in Axes
  3536 | D:4      | Reached XP level 7. HP: 61/64 MP: 6/6
  4099 | D:4      | Found Qimmyhisk's Assorted Antiques.
  4105 | D:4      | Reached skill level 8 in Axes
  4108 | D:4      | Bought a glowing battleaxe for 209 gold pieces
  4108 | D:4      | Bought a scroll of acquirement for 1144 gold pieces
  4146 | D:5      | Entered Level 5 of the Dungeon
  4173 | D:5      | Noticed a wraith
  4185 | D:5      | Killed a wraith
  4299 | D:5      | Acquired the ring "Xeleaga" {rElec rCorr Int+3 Dex-3
                  | Slay+4}
  4561 | D:5      | Found a staircase to the Ecumenical Temple.
  4571 | D:5      | Reached skill level 9 in Axes
  4598 | Temple   | Entered the Ecumenical Temple
  5277 | D:5      | Found a shimmering blue altar of Sif Muna.
  5279 | D:5      | Reached XP level 8. HP: 73/73 MP: 7/7
  5292 | D:5      | Found a bloodstained altar of Trog.
  5296 | D:5      | Became a worshipper of Trog the Wrathful
  5430 | D:5      | Reached skill level 10 in Axes
  5587 | D:6      | Found a large runed translucent door.
  5596 | D:6      | Found a large runed translucent door.
  5745 | D:6      | Reached skill level 11 in Axes
  6218 | D:6      | Reached * piety under Trog
  6366 | D:6      | Found a burning altar of Makhleb.
  6375 | D:6      | Found an opulent altar of Gozag.
  6381 | D:6      | Reached XP level 9. HP: 55/82 MP: 8/8
  6785 | D:7      | Reached skill level 12 in Axes
  7679 | D:8      | Reached skill level 13 in Axes
  7806 | D:8      | Noticed a two-headed ogre
  7809 | D:8      | Killed a two-headed ogre
  7810 | D:8      | Reached skill level 10 in Fighting
  7856 | D:8      | Found a sand-covered staircase.
  7864 | Ossuary  | Entered an ossuary
  7877 | Ossuary  | Reached ** piety under Trog
  7921 | Ossuary  | Reached skill level 14 in Axes
  7926 | Ossuary  | Reached XP level 10. HP: 65/94 MP: 9/9
  8417 | D:8      | Noticed Pikel
  8427 | D:8      | Killed Pikel
  8784 | D:9      | Found a staircase to the Lair.
  8886 | D:9      | Reached *** piety under Trog
  8890 | D:9      | Found a staircase to the Orcish Mines.
  8952 | D:9      | Reached skill level 15 in Axes
  9326 | D:9      | Noticed an ice statue
  9348 | D:9      | Reached **** piety under Trog
  9470 | D:9      | Noticed a sixfirhy
  9654 | D:10     | Entered Level 10 of the Dungeon
  9660 | D:10     | Reached skill level 16 in Axes
  9971 | D:10     | Reached XP level 11. HP: 60/104 MP: 10/10
 10900 | D:11     | Noticed Maurice
 10922 | D:11     | Killed Maurice
 10923 | D:11     | Reached skill level 17 in Axes
 11154 | D:11     | Found a portal to a secret trove of treasure.
 11371 | D:11     | Noticed a death knight
 11372 | D:11     | Noticed a skeletal warrior
 11372 | D:11     | Noticed a phantasmal warrior
 11415 | D:10     | Killed a phantasmal warrior
 11960 | Lair:1   | Entered Level 1 of the Lair of Beasts
 12022 | Lair:1   | Reached ***** piety under Trog
 12266 | Lair:1   | Noticed a seven-headed hydra
 12283 | Lair:1   | Killed a ten-headed hydra
 12284 | Lair:1   | Reached skill level 18 in Axes
 13190 | Lair:1   | Reached XP level 12. HP: 87/116 MP: 11/11
 13194 | Lair:1   | Received a gift from Trog
 14212 | Lair:2   | Reached skill level 19 in Axes
 14258 | Lair:2   | Noticed a catoblepas
 14271 | Lair:2   | Killed a catoblepas
 14746 | Lair:2   | Noticed a four-headed hydra
 14757 | Lair:2   | Killed a nine-headed hydra
 14958 | Lair:2   | Reached skill level 20 in Axes
 15147 | Lair:2   | Reached skill level 15 in Fighting
 15732 | Lair:3   | Found a transporter.
 15734 | Lair:3   | Found a transporter.
 15735 | Lair:3   | Noticed NiggerDarts's ghost (journeyman HuFi)
 16054 | Lair:3   | Found a frozen archway.
 16405 | Lair:3   | Reached skill level 5 in Armour
 16405 | Lair:3   | Reached XP level 13. HP: 127/127 MP: 12/12
 16729 | Lair:4   | Found a runed translucent gate.
 16729 | Lair:4   | Found a runed translucent gate.
 16729 | Lair:4   | Found a runed translucent gate.
 16736 | Lair:4   | Noticed a minotaur
 16745 | Lair:4   | Noticed Murgh's ghost (journeyman MiBe)
 17799 | Lair:4   | Noticed Urug
 17946 | Lair:4   | Received a gift from Trog
 17953 | Lair:4   | Killed Urug
 18467 | Lair:4   | Reached skill level 21 in Axes
 18623 | Lair:4   | Found a staircase to the Shoals.
 18780 | Lair:4   | Noticed Nessos
 18795 | Lair:4   | Slain by a cane toad

Illustrated notes

Levels and vault maps discovered:
D:1:      mrwooster_arrival_statue_3, layout_loops_ring, serial_shops,
          nicolae_shop_behind_doors
D:2:      layout_loops_ring, dreamdust_ecumenical_altar_statues, basic_altar,
          hangedman_decor_push, uniq_crazy_yiuf_cottage
D:3:      layout_basic, uniq_ijyb, uniq_natasha
D:4:      layout_cave_pods, kiku_gazebo_pond_becter, kennysheep_small_square
D:5:      layout_basic, nzn_overflow_gifts_of_might_and_magic,
          minmay_temple_entry_drinking_statues
D:6:      layout_basic, jmf_multi_god_temple2, kennysheep_generic_room_3
D:7:      layout_gridville
D:8:      layout_basic, chequers_ossuary_entry_cave, uniq_pikel
D:9:      lemuel_ice_statue, layout_small_grid, dpeg_oklobed_lair,
          hiddenorc2_lemuel
D:10:     layout_irregular_city
D:11:     minmay_mutant_horseshoe, layout_irregular_city,
          nicolae_trove_entry_crossroad, grunt_ministairs_2, uniq_psyche,
          uniq_maurice
Temple:   minmay_crystal_spiral_temple
Lair:1:   layout_chaotic_city, serial_bayou_pond_b, lemuel_fruit_fields,
          serial_bayou_shore_a, infiniplex_staircase_pool_2, grunt_megastairs_5,
          serial_bayou_shore_b, lemuel_fruit_fields
Lair:2:   layout_roguey, st_stairs_13, patterned_corridor
Lair:3:   layout_chaotic_city, portal_ice_cave_entry_ice_simulacra,
          gammafunk_ghost_hive
Lair:4:   cheibrodos_lair_overgrown_chateau, layout_cave_pods,
          minmay_shoals_entry_centaurs, spider_nest_entry_a,
          maelrawn_ghost_gauntlet_escape, infiniplex_staircase_pool,
          uniq_nessos, uniq_urug

Skill      XL: |  1  2  3  4  5  6  7  8  9 10 11 12 13 |
---------------+----------------------------------------+-----
Axes           | 3 5 6 7 9 11 14 16 18 20 21 | 21.0
Fighting       | 4 5 6 7 8 10 12 13 15 | 15.9
Armour         | 5 7 |  7.9
Shields        | |  3.6

Action                   |  1- 3 |  4- 6 |  7- 9 | 10-12 | 13-15 || total
-------------------------+-------+-------+-------+-------+-------++-------
Melee: War axe           |    81 |    98 |    12 |       |       ||   191
       Headbutt          |     7 |    16 |    27 |    77 |    21 ||   148
       Battleaxe         |       |       |   157 |   426 |    91 ||   674
Invok: Brothers in Arms  |       |       |       |     2 |     2 ||     4
       Trog's Hand       |       |       |       |       |     1 ||     1
  Use: Scroll            |       |     5 |    10 |     9 |     5 ||    29
       Potion            |       |       |       |     5 |     7 ||    12
Armor: Scale mail        |    37 |     4 |       |       |       ||    41
       Ring mail         |       |    30 |    93 |   162 |    61 ||   346
Dodge: Dodged            |    38 |    45 |    96 |   165 |    36 ||   380
Block: Buckler           |    15 |    25 |     2 |       |       ||    42
